 Dungeon Crawl Stone Soup version 0.16.2-12-gd0ad4c3 (webtiles) character file.

172571 faibistes the Eclecticist (level 17, -5/99 HPs)
             Began as a Deep Elf Wizard on Dec 22, 2017.
             Was the Champion of Sif Muna.
             Killed from afar by Roxanne (44 damage)
             ... with an orb of energy
             ... on level 2 of the Shoals on Dec 23, 2017.
             The game lasted 03:28:25 (63520 turns).

faibistes the Eclecticist (Deep Elf Wizard)        Turns: 63520, Time: 03:28:25

Health: -5/99      AC: 15    Str:  4    XL:     17   Next: 41%
Magic:  2/42       EV: 17    Int: 37    God:    Sif Muna [******]
Gold:   326        SH:  0    Dex: 13    Spells: 10 memorised, 5 levels left

rFire  + + +     SeeInvis +     w - +7 dagger (venom)
rCold  x x x     Clarity  .     M - +2 robe {MR+}
rNeg   . . .     SustAb   .     (no shield)
rPois  +         Gourm    .     P - +2 hat {SInv}
rElec  +         Spirit   .     U - +0 cloak of Defence {Contam rElec rPois MR+ Int+3}
rCorr  .         Warding  .     B - +2 pair of gloves
rMut   +         Stasis   .     Y - +2 pair of boots
MR     +++..                    T - amulet of resist mutation
Stlth  ++........               Z - ring of fire
                                Q - +3 ring of intelligence

@: immune to fire clouds (expiring), very slightly contaminated, hasted, very
quick, extremely resistant to hostile enchantments, unstealthy
A: horns 1, slimy green scales 1
a: Channel Energy, Forget Spell, Renounce Religion


You were on level 2 of the Shoals.
You worshipped Sif Muna.
Sif Muna was exalted by your worship.
You were not hungry.

You visited 7 branches of the dungeon, and saw 36 of its levels.
You visited 1 bazaar.

You collected 3275 gold pieces.
You spent 2949 gold pieces at shops.

Inventory:

Hand weapons
 w - a +7 dagger of venom (weapon)
Armour
 B - a +2 pair of gloves (worn)
 D - the +1 robe of the Apprentice {Str+4 Dex+3 Stlth+}
   (You found it on level 2 of the Elven Halls)

   It affects your strength (+4).
   It affects your dexterity (+3).
   It makes you more stealthy.
 M - a +2 robe of magic resistance (worn)
 P - a +2 hat of see invisible (worn)
 U - the +0 cloak of Defence (worn) {Contam rElec rPois MR+ Int+3}
   (You bought it in a shop on level 4 of the Orcish Mines)

   It affects your intelligence (+3).
   It insulates you from electricity.
   It protects you from poison.
   It affects your resistance to hostile enchantments.
   It causes magical contamination when unequipped.
 Y - a +2 pair of boots (worn)
Rods
 y - a +0 rod of shadows (11/11)
   (You found it on level 2 of the Spider Nest)
Jewellery
 i - an uncursed ring of stealth
 m - an uncursed ring of protection from magic
 Q - a +3 ring of intelligence (left hand)
 T - an amulet of resist mutation (around neck)
 Z - a ring of fire (right hand)
Magical devices
 b - a wand of fireball (0)
 f - a wand of heal wounds (3)
 n - a wand of slowing (36)
 u - a wand of random effects (13)
 C - a wand of slowing (21)
 F - a wand of lightning (5)
 G - a wand of cold (7)
 I - a wand of confusion (28)
 J - a wand of frost (14)
 L - a wand of teleportation (4)
 N - a wand of flame (15)
 R - a wand of digging (9)
 V - a wand of draining (2)
Scrolls
 g - 5 scrolls of blinking
 j - 17 scrolls of teleportation
 k - 2 scrolls of recharging
 o - 7 scrolls of remove curse
 r - 4 scrolls of fog
 E - 2 scrolls of identify
 H - 2 scrolls of immolation
 K - 3 scrolls of fear
Potions
 l - 6 potions of curing
 p - 5 potions of haste
 q - a potion of resistance
 s - 2 potions of flight
 t - 4 potions of heal wounds
 x - 2 potions of ambrosia
 z - a potion of cure mutation
 A - a potion of magic
 O - a potion of brilliance
 S - 4 potions of might
 X - 3 potions of restore abilities
Books
 e - Sif Muna's Incunabulum of Conjuration and Flames
   (Sif Muna gifted it to you on level 1 of the Shoals)

   Spells                             Type                      Level
   a - Fulminant Prism                Conjuration/Hexes            4
   b - Iskenderun's Mystic Blast      Conjuration                  4
   c - Bolt of Magma                  Conjuration/Fire/Earth       5
   d - Delayed Fireball               Conjuration/Fire             7
Miscellaneous
 a - a lamp of fire
 c - a stone of tremors
Comestibles
 d - 13 bread rations
 h - 11 meat rations


   Skills:
 + Level 8.4 Fighting
 - Level 10.0 Dodging
 - Level 2.4 Stealth
 * Level 18.5 Spellcasting
 + Level 12.2 Conjurations
 - Level 11.8 Charms
   Level 4.2 Summonings
 - Level 7.2 Translocations
 - Level 3.7 Transmutations
 + Level 11.7 Fire Magic
 - Level 5.0 Air Magic
 * Level 11.6 Earth Magic
 - Level 5.0 Poison Magic
 - Level 10.0 Invocations
 - Level 9.1 Evocations


You had 5 spell levels left.
You knew the following spells:

 Your Spells              Type           Power        Failure   Level  Hunger
b - Ring of Flames        Chrm/Fire      ########..   10%         7    #......
d - Blink                 Tloc           N/A          1%          2    None
e - Mephitic Cloud        Conj/Pois/Air  ######..     1%          3    None
f - Deflect Missiles      Chrm/Air       #######...   4%          6    None
g - Petrify               Trmt/Erth      ######..     1%          4    None
h - Haste                 Chrm           #######.     1%          6    None
i - Ignite Poison         Fire/Trmt      ########..   1%          5    None
v - Bolt of Fire          Conj/Fire      ########..   1%          6    None
x - Force Lance           Conj/Tloc      #######.     1%          4    None
z - Fireball              Conj/Fire      ########..   1%          5    None


Dungeon Overview and Level Annotations

Branches:
Dungeon (12/15)            Temple (1/1) D:5            Lair (8/8) D:11
 Shoals (4/5) Lair:5       Spider (5/5) Lair:4        Slime (0/6) Lair:6
    Orc (4/4) D:10            Elf (2/3) Orc:3

Altars:
Ashenzari
Cheibriados
Dithmenos
Elyvilon
Fedhas
Gozag
Kikubaaqudgha
Makhleb
Nemelex Xobeh
Okawaru
Qazlal
Ru
Sif Muna
Trog
Vehumet
Xom
Yredelemnul
Zin
The Shining One
Beogh
Jiyva

Shops:
D:6 [   Orc:2 =:   Orc:3 (   Orc:4 [*=(

Annotations:
Shoals:2 exclusion: Roxanne, Roxanne


Innate Abilities, Weirdness & Mutations

You are immune to clouds of flame.
You have a pair of small horns on your head.
You are partially covered in slimy green scales (AC +2).


Message History

Press: ? - help, Shift-Dir - straight line, f/p - Roxanne
Aim: Roxanne (severely damaged)
The fireball explodes!
The fireball engulfs Roxanne.
Roxanne completely resists.
Roxanne is severely damaged.
This wand has 1 charge left.
Evoke which item? (* to show all) (? for menu, Esc to quit)
Zapping:
b - a wand of fireball (1)
Press: ? - help, Shift-Dir - straight line, f/p - Roxanne
Aim: Roxanne (severely damaged)
The fireball explodes!
The fireball engulfs Roxanne.
Roxanne resists.
Roxanne is severely damaged.
This wand has 0 charges left.
Drink which item? (? for menu, Esc to quit)
Okay, then.
Use which ability? (? or * to list)
You channel some magical energy.
You feel somewhat more hungry.
Roxanne casts a spell.
The orb of energy hits you!
You die...

≈≈≈≈≈≈≈≈≈...≈≈≈≈≈≈≈≈≈≈≈≈..≈≈≈≈≈≈≈
≈≈≈≈≈≈≈≈.....≈≈≈≈≈≈≈≈≈≈≈≈≈≈≈≈≈≈≈≈
≈≈≈≈≈≈≈≈......≈≈≈≈≈≈≈≈≈≈≈≈≈≈≈≈≈≈≈
≈≈≈≈≈≈≈.............≈≈≈≈≈≈≈≈≈≈≈≈
≈≈≈≈≈≈..............≈≈≈≈≈≈≈≈≈≈≈
≈≈≈≈≈≈≈............≈≈≈≈≈≈≈≈≈≈≈
≈.≈≈.≈.....).......≈P≈≈≈≈≈≈≈≈
≈.≈≈......§§§8.....≈≈≈≈≈≈≈
..≈......§@§.......≈≈≈≈≈
.≈.≈....§§§..PP...≈≈≈≈≈
.................≈≈≈≈≈≈
#$........P....PPPP≈≈
...........P.≈P≈≈≈≈
..........≈≈≈≈≈≈≈ ........≈≈≈≈≈
≈.....≈≈≈ .≈≈


You could see Roxanne.

Vanquished Creatures
  Nikola (Spider:4)
  A deep elf master archer (Elf:1)
  Agnes (Spider:2)
  Wiglaf (Shoals:3)
  3 ghost moths
  3 emperor scorpions
  Gastronok (D:11)
  A deep elf sorcerer (Elf:1)
  An orc warlord (Orc:4)
  The ghost of faibistes the Eclecticist, a powerful DEWz of Sif Muna (Orc:4)
  A deep elf death mage (Elf:1)
  2 merfolk impalers (Shoals:1)
  4 merfolk avatars
  7 hydras
  15 dancing weapons (Elf:2)
  A satyr (Shoals:3)
  3 death yaks (Lair:8)
  3 orc high priests (Orc:4)
  15 deep elf knights
  Erolcha (D:9)
  4 sea snakes
  5 hill giants
  An unseen horror (D:10)
  Pikel (D:5)
  7 deep elf summoners
  A lindwurm (Lair:8)
  8 deep elf conjurers
  4 griffons
  17 wolf spiders
  6 hornets
  A cyclops (D:11)
  An ugly thing (D:11)
  14 orb spiders
  4 water nymphs
  5 black mambas
  9 harpies
  3 orc knights
  5 orc sorcerers
  5 fauns
  3 manticores
  2 centaur zombies
  2 moths of wrath
  A cyclops (shapeshifter) (Elf:1)
  Joseph (D:9)
  5 sirens
  4 torpor snails
  Psyche (Orc:3)
  2 centaur skeletons
  24 spiny frogs
  5 trolls
  A fire drake (Lair:5)
  9 deep elf priests
  11 demonic crawlers
  22 jumping spiders
  2 komodo dragons
  A polar bear (Lair:3)
  A two-headed ogre (D:11)
  6 merfolk
  Grinder (D:6)
  3 wind drakes
  Prince Ribbit (D:4)
  3 snapping turtles
  2 boulder beetles
  4 giant leeches (Lair:8)
  14 trapdoor spiders
  4 basilisks
  29 blink frogs
  16 tarantellas
  3 water elementals
  46 redbacks
  33 yaks
  12 deep elf magi
  A chaos spawn (Orc:4)
  Grum (D:11)
  7 vampire mosquitoes
  5 wargs
  A wyvern (D:11)
  A hungry ghost (D:10)
  10 wolves
  18 deep elf fighters
  12 hippogriffs
  2 orc skeletons (Orc:4)
  Edmund (D:6)
  Menkaure (D:6)
  13 water moccasins
  2 wasps
  33 orc warriors
  3 phantoms
  7 sky beasts
  23 spiders
  14 porcupines
  9 ice beasts
  4 boring beetles
  3 centaurs
  11 ogres
  4 necrophages
  A slave (D:5)
  30 giant frogs
  Duvessa (D:6)
  8 crocodiles
  3 big kobolds
  19 killer bees
  5 scorpions
  A jelly (D:6)
  Dowan (D:6)
  5 crimson imps
  2 giant frog zombies
  31 orc priests
  7 electric eels
  2 giant frog skeletons
  11 hounds
  2 goliath beetles
  Crazy Yiuf (D:2)
  Natasha (thrice) (D:6)
  16 iguanas
  35 orc wizards
  5 sheep
  5 hell rats (Elf:1)
  A quasit (D:7)
  6 worker ants
  Ijyb (D:2)
  3 hound zombies
  A hound skeleton (D:6)
  A mummy (D:9)
  A worker ant zombie (D:9)
  10 gnolls
  28 adders
  48 river rats
  2 shadow imps
  A giant mite (D:6)
  2 worms
  2 adder skeletons (D:4)
  6 giant geckos
  An ooze (D:5)
  224 orcs
  A ball python (D:5)
  5 giant cockroaches
  28 goblins
  25 hobgoblins
  27 kobolds
  8 quokkas
  17 bats
  A giant gecko skeleton (D:8)
  6 giant newts
  A giant spore (D:6)
  8 jackals
  A quokka skeleton (D:8)
  20 rats
  5 ballistomycetes
  A butterfly (D:3)
  A fungus (Orc:4)
  7 plants
1321 creatures vanquished.

Vanquished Creatures (collateral kills)
  A spiny frog (Lair:2)
  A yak (Lair:2)
  2 water moccasins
  Sigmund (D:2)
  2 worker ants
  2 adders (D:2)
  5 river rats (Lair:4)
  A worm (D:4)
  2 orcs
  A bat (D:2)
  A goblin (D:1)
  A hobgoblin (D:5)
  A kobold (D:1)
  2 rats
23 creatures vanquished.

Vanquished Creatures (others)
  A deep elf fighter (Elf:1)
  An ogre (D:5)
  2 crimson imps
  An orc priest (Orc:4)
  2 shadow imps
  3 white imps
  3 orcs (Orc:4)
  A giant spore (D:9)
  78 fungi
  42 plants
  4 toadstools (D:1)
138 creatures vanquished.

Grand Total: 1482 creatures vanquished

Notes
Turn   | Place    | Note
--------------------------------------------------------------
     0 | D:1      | faibistes, the Deep Elf Wizard, began the quest for the Orb.
     0 | D:1      | Reached XP level 1. HP: 10/10 MP: 6/6
    15 | D:1      | Reached XP level 2. HP: 6/15 MP: 2/10
    38 | D:1      | Learned a level 2 spell: Blink
    41 | D:1      | Learned a level 2 spell: Call Imp
   807 | D:1      | Reached skill level 5 in Spellcasting
   807 | D:1      | Reached XP level 3. HP: 6/19 MP: 2/14
  1000 | D:1      | Learned a level 3 spell: Conjure Flame
  1004 | D:1      | Learned a level 3 spell: Mephitic Cloud
  1538 | D:2      | Found a sacrificial altar of Ru.
  1541 | D:2      | Noticed Sigmund
  1565 | D:2      | Killed Sigmund
  1565 | D:2      | Reached XP level 4. HP: 18/24 MP: 10/17
  1569 | D:2      | Learned a level 2 spell: Repel Missiles
  1656 | D:2      | Noticed Ijyb
  1802 | D:2      | Killed Ijyb
  2332 | D:2      | Noticed Crazy Yiuf
  2345 | D:2      | Killed Crazy Yiuf
  2345 | D:2      | Reached skill level 6 in Spellcasting
  2345 | D:2      | Reached XP level 5. HP: 10/28 MP: 2/20
  2858 | D:3      | Found a sacrificial altar of Ru.
  3064 | D:3      | Noticed a phantom
  3447 | D:3      | Killed a phantom
  3447 | D:3      | Reached XP level 6. HP: 6/32 MP: 8/22
  4308 | D:4      | Reached skill level 7 in Spellcasting
  4415 | D:5      | Entered Level 5 of the Dungeon
  4568 | D:4      | Noticed Prince Ribbit
  4758 | D:4      | Reached skill level 1 in Fighting
  4767 | D:4      | Killed Prince Ribbit
  4767 | D:4      | Reached skill level 1 in Evocations
  4767 | D:4      | Reached XP level 7. HP: 33/39 MP: 10/25
  5416 | D:3      | Found a shimmering altar of Xom.
  5549 | D:4      | Reached skill level 5 in Dodging
  5574 | D:4      | Reached skill level 8 in Spellcasting
  5683 | D:4      | Found a shadowy altar of Dithmenos.
  5955 | D:5      | Noticed a water moccasin
  5963 | D:5      | Killed a water moccasin
  5982 | D:5      | Reached XP level 8. HP: 45/45 MP: 13/27
  6118 | D:5      | Found a staircase to the Ecumenical Temple.
  6125 | Temple   | Entered the Ecumenical Temple
  6185 | Temple   | Became a worshipper of Sif Muna the Loreminder
  6455 | D:5      | Found a blossoming altar of Fedhas.
  6593 | D:5      | Found a shimmering altar of Xom.
  6663 | D:5      | Found an iron altar of Okawaru.
  6679 | D:5      | Reached skill level 1 in Fire Magic
  6919 | D:5      | Reached skill level 1 in Air Magic
  7104 | D:6      | Acquired Sif Muna's first power
  7104 | D:6      | Reached skill level 1 in Poison Magic
  7534 | D:5      | Noticed Pikel
  7553 | D:5      | Killed Pikel
  7553 | D:5      | Reached skill level 9 in Spellcasting
  7553 | D:5      | Reached skill level 5 in Conjurations
  7853 | D:6      | Reached XP level 9. HP: 41/49 MP: 4/29
  8184 | D:6      | Noticed Natasha
  8188 | D:6      | Noticed Duvessa
  8203 | D:6      | Noticed Dowan
  8211 | D:6      | Killed Duvessa
  8211 | D:6      | Acquired Sif Muna's second power
  8229 | D:6      | Killed Natasha
  8244 | D:6      | Killed Dowan
  8361 | D:6      | Noticed Grinder
  8373 | D:6      | Killed Grinder
  8550 | D:6      | Noticed Natasha
  8563 | D:6      | Killed Natasha
  8618 | D:6      | Noticed Edmund
  8636 | D:6      | Killed Edmund
  8889 | D:6      | Found a basalt altar of Yredelemnul.
  8908 | D:6      | Noticed Menkaure
  8917 | D:6      | Killed Menkaure
  9104 | D:6      | Noticed Natasha
  9113 | D:6      | Killed Natasha
  9347 | D:6      | Found a burning altar of Makhleb.
  9571 | D:6      | Found Lotz's Antique Armour Shop.
  9703 | D:7      | Reached skill level 10 in Spellcasting
 10708 | D:8      | Reached skill level 1 in Invocations
 11922 | D:8      | Reached XP level 10. HP: 56/56 MP: 24/31
 11945 | D:8      | Reached skill level 1 in Charms
 12180 | D:8      | You fall through a shaft!
 12235 | D:10     | Entered Level 10 of the Dungeon
 13887 | D:9      | Acquired Sif Muna's third power
 13887 | D:9      | Reached skill level 11 in Spellcasting
 14180 | D:9      | Noticed Joseph
 14249 | D:9      | HP: 1/56 [Joseph/uncursed quarterstaff (19)]
 14251 | D:9      | Killed Joseph
 14396 | D:9      | Reached skill level 5 in Fire Magic
 14694 | D:9      | Noticed Erolcha
 14727 | D:9      | Killed Erolcha
 15120 | D:9      | Gained mutation: You are partially covered in slimy green scales (AC +2). [potion of beneficial mutation]
 16269 | D:10     | Reached XP level 11. HP: 55/58 MP: 19/33
 16810 | D:10     | Found a staircase to the Orcish Mines.
 17210 | D:10     | Noticed a hill giant
 17217 | D:10     | Killed a hill giant
 17441 | D:10     | Reached skill level 5 in Invocations
 17520 | D:10     | Killed an unseen horror
 17520 | D:10     | Reached skill level 5 in Evocations
 17800 | D:11     | Noticed a hill giant
 17805 | D:11     | Killed a hill giant
 17875 | D:11     | Reached skill level 5 in Charms
 17912 | D:11     | Found a staircase to the Lair.
 17953 | D:11     | Reached skill level 12 in Spellcasting
 18076 | D:11     | Noticed a cyan ugly thing
 18089 | D:11     | Killed a cyan ugly thing
 18371 | D:11     | Noticed Gastronok
 18427 | D:11     | Killed Gastronok
 19039 | D:11     | Noticed a hill giant
 19072 | D:11     | Killed a hill giant
 19221 | D:11     | Noticed a hill giant
 19237 | D:11     | Killed a hill giant
 19237 | D:11     | Reached skill level 5 in Translocations
 19237 | D:11     | Reached XP level 12. HP: 57/65 MP: 17/35
 19365 | D:11     | Received a gift from Sif Muna
 19380 | D:11     | Identified Sif Muna's Handbook of Hurtful Creation (Sif Muna gifted it to you on level 11 of the Dungeon)
 19683 | D:11     | Noticed a cyclops
 19694 | D:11     | Killed a cyclops
 19772 | D:12     | Noticed a hill giant
 19773 | D:12     | Noticed Grum
 19783 | D:11     | Killed a hill giant
 19888 | D:11     | Killed Grum
 20285 | Lair:1   | Entered Level 1 of the Lair of Beasts
 21909 | Lair:2   | Reached skill level 5 in Fighting
 21917 | Lair:2   | Noticed a six-headed hydra
 21931 | Lair:2   | Killed a six-headed hydra
 21931 | Lair:2   | Reached skill level 13 in Spellcasting
 22977 | Lair:2   | Noticed an eight-headed hydra
 22993 | Lair:2   | Killed an eight-headed hydra
 23835 | Lair:2   | Noticed an eight-headed hydra
 23844 | Lair:2   | Killed an eight-headed hydra
 24195 | Lair:3   | Found a staircase to the Shoals.
 25250 | Lair:3   | Reached XP level 13. HP: 47/70 MP: 8/36
 25860 | Lair:4   | Found a hole to the Spider Nest.
 27237 | Lair:4   | Received a gift from Sif Muna
 27248 | Lair:4   | Learned a level 5 spell: Ignite Poison
 27299 | Lair:4   | Learned a level 4 spell: Petrify
 27480 | Lair:4   | Noticed a four-headed hydra
 27486 | Lair:4   | Killed a four-headed hydra
 27729 | Lair:5   | Found a staircase to the Shoals.
 28602 | Lair:5   | Reached skill level 1 in Earth Magic
 28797 | Lair:5   | Reached skill level 1 in Transmutations
 29960 | Lair:6   | Found a viscous altar of Jiyva.
 29961 | Lair:6   | Found a staircase to the Slime Pits.
 31451 | Lair:8   | Entered Level 8 of the Lair of Beasts
 32731 | Lair:7   | Reached skill level 14 in Spellcasting
 33998 | Lair:8   | Reached XP level 14. HP: 79/79 MP: 33/38
 34223 | Lair:8   | Received a gift from Sif Muna
 34224 | Lair:8   | Identified Sif Muna's Tome of Arcane Weapons (Sif Muna gifted it to you on level 8 of the Lair of Beasts)
 34231 | Lair:8   | Learned a level 5 spell: Fireball
 34236 | Lair:8   | Learned a level 4 spell: Iskenderun's Mystic Blast
 34734 | Lair:8   | Reached skill level 10 in Dodging
 36509 | Orc:1    | Entered Level 1 of the Orcish Mines
 37208 | Orc:2    | Found Gipaotel's Book Boutique.
 37218 | Orc:2    | Bought a book of Enchantments for 500 gold pieces
 37218 | Orc:2    | Bought a book of Clouds for 450 gold pieces
 37225 | Orc:2    | Learned a level 6 spell: Deflect Missiles
 37658 | Orc:4    | Entered Level 4 of the Orcish Mines
 37658 | Orc:4    | Noticed faibistes' ghost (powerful DEWz)
 37850 | Orc:4    | Noticed an orc warlord
 37997 | Orc:3    | Found Kane's Weapon Boutique.
 38069 | Orc:4    | Found a labyrinth entrance.
 38468 | Orc:3    | Reached skill level 5 in Earth Magic
 38727 | Orc:3    | Reached skill level 10 in Invocations
 39206 | Orc:4    | Killed an orc warlord
 39736 | Orc:4    | Reached skill level 10 in Conjurations
 41010 | Orc:4    | Killed faibistes' ghost
 41146 | Orc:4    | Found Ciutzeih's Antique Armour Shoppe.
 41191 | Orc:4    | Reached skill level 15 in Spellcasting
 41476 | Orc:4    | Bought an ancient cloak for 180 gold pieces
 41486 | Orc:4    | Identified the +0 cloak of Defence {Contam rElec rPois MR+ Int+3} (You bought it in a shop on level 4 of the Orcish Mines)
 41602 | Orc:2    | Found Woicoito's Jewellery Shop.
 41609 | Orc:2    | Bought an uncursed ring of fire for 300 gold pieces
 41609 | Orc:2    | Bought an uncursed amulet of faith for 480 gold pieces
 42389 | Orc:3    | Noticed Psyche
 42390 | Orc:3    | Killed Psyche
 42424 | Orc:3    | Found a staircase to the Elven Halls.
 42455 | Orc:3    | Found a roughly hewn altar of Beogh.
 43874 | Orc:4    | Found Brobb's Antique Weapon Shop.
 44086 | Orc:4    | Found Axuc's General Store.
 44472 | Orc:4    | Found Ghee's Jewellery Boutique.
 44552 | Orc:4    | Bought a potion of resistance for 120 gold pieces
 44552 | Orc:4    | Bought the +1 cloak "Stric" {rElec rF++ rCorr} for 559 gold pieces
 44552 | Orc:4    | Bought a scroll of teleportation for 36 gold pieces
 44552 | Orc:4    | Bought a scroll of teleportation for 36 gold pieces
 44552 | Orc:4    | Bought a scroll of remove curse for 36 gold pieces
 44688 | Lair:2   | Learned a level 6 spell: Haste
 44828 | Elf:1    | Entered Level 1 of the Elven Halls
 45302 | Elf:1    | Received a gift from Sif Muna
 45302 | Elf:1    | Reached skill level 5 in Air Magic
 45303 | Elf:1    | Identified Sif Muna's Reference Book on Attacks (Sif Muna gifted it to you on level 1 of the Elven Halls)
 45312 | Elf:1    | Learned a level 6 spell: Bolt of Fire
 45438 | Elf:1    | Reached XP level 15. HP: 84/84 MP: 27/39
 45439 | Elf:1    | Noticed a deep elf master archer
 45617 | Elf:1    | Reached skill level 5 in Poison Magic
 46387 | Elf:1    | Killed a deep elf master archer
 47068 | Elf:2    | Found a runed gate.
 47427 | Elf:2    | Found a gateway to a bazaar.
 47459 | Elf:2    | Reached skill level 10 in Fire Magic
 47647 | Elf:2    | Got a sheer robe
 47658 | Elf:2    | Identified the +1 robe of the Apprentice {Str+4 Dex+3 Stlth+} (You found it on level 2 of the Elven Halls)
 47703 | Elf:2    | Gained mutation: You have a pair of small horns on your head. [potion of beneficial mutation]
 47744 | Bazaar   | Entered a bazaar
 47744 | Bazaar   | Found Ageohivau's Antique Weapon Shop.
 47744 | Bazaar   | Found Suedghud's Book Shop.
 47744 | Bazaar   | Found Pretsox's Weapon Emporium.
 47744 | Bazaar   | Found Kluofawk's Book Shoppe.
 47790 | Bazaar   | Bought a pitted rapier for 252 gold pieces
 47790 | Bazaar   | Identified the cursed -2 rapier "Impslayer" {freeze, MR+} (You bought it in a shop in a bazaar)
 47914 | Elf:2    | Found a runed gate.
 47915 | Elf:2    | Found a runed gate.
 48395 | Spider:1 | Entered Level 1 of the Spider Nest
 48489 | Spider:1 | Reached skill level 10 in Charms
 49535 | Spider:1 | Received a gift from Sif Muna
 50267 | Spider:1 | Reached skill level 16 in Spellcasting
 51179 | Lair:2   | Learned a level 4 spell: Force Lance
 51996 | Spider:3 | Noticed Agnes
 52008 | Spider:2 | Killed Agnes
 52372 | Spider:2 | Reached XP level 16. HP: 92/92 MP: 35/40
 53437 | Spider:2 | Identified a +0 rod of shadows (11/11) (You found it on level 2 of the Spider Nest)
 53699 | Lair:2   | Learned a level 4 spell: Iskenderun's Mystic Blast
 54188 | Elf:2    | Received a gift from Sif Muna
 54189 | Elf:2    | Identified Sif Muna's Incunabulum of Enhancements and Translocation (Sif Muna gifted it to you on level 2 of the Elven Halls)
 55198 | Elf:2    | Reached skill level 17 in Spellcasting
 56057 | Lair:2   | Learned a level 7 spell: Ring of Flames
 56687 | Spider:3 | Reached skill level 10 in Earth Magic
 58397 | Spider:5 | Entered Level 5 of the Spider Nest
 59836 | Spider:4 | Noticed Nikola
 59844 | Spider:4 | Killed Nikola
 60709 | Shoals:1 | Entered Level 1 of the Shoals
 60791 | Shoals:1 | Reached XP level 17. HP: 97/97 MP: 26/42
 60800 | Shoals:1 | Received a gift from Sif Muna
 60829 | Shoals:1 | Identified Sif Muna's Incunabulum of Conjuration and Flames (Sif Muna gifted it to you on level 1 of the Shoals)
 61012 | Shoals:1 | Reached skill level 18 in Spellcasting
 62916 | Shoals:3 | Noticed Wiglaf
 63036 | Shoals:3 | Killed Wiglaf
 63456 | Shoals:2 | Noticed Roxanne
 63520 | Shoals:2 | Killed from afar by Roxanne

Action                   |  1- 3 |  4- 6 |  7- 9 | 10-12 | 13-15 | 16-18 || total
-------------------------+-------+-------+-------+-------+-------+-------++-------
Melee: Unarmed           |     8 |       |       |       |       |       ||     8
       Dagger            |       |    37 |   180 |   444 |   421 |     3 ||  1085
 Cast: Magic Dart        |    56 |   170 |   364 |   713 |   297 |       ||  1600
       Call Imp          |     7 |     4 |    15 |    11 |     3 |       ||    40
       Blink             |     1 |    18 |    20 |    27 |    30 |       ||    96
       Mephitic Cloud    |     2 |    17 |    38 |    70 |    44 |       ||   171
       Repel Missiles    |       |     3 |       |     1 |     1 |       ||     5
       Conjure Flame     |       |     6 |    35 |   164 |    41 |       ||   246
       Ignite Poison     |       |       |       |       |   165 |    52 ||   217
       Fireball          |       |       |       |       |   334 |   153 ||   487
       Iskenderun's Myst |       |       |       |       |    50 |    27 ||    77
       Deflect Missiles  |       |       |       |       |     3 |     1 ||     4
       Bolt of Fire      |       |       |       |       |    59 |   103 ||   162
       Force Lance       |       |       |       |       |     6 |    35 ||    41
       Haste             |       |       |       |       |     1 |     5 ||     6
       Ring of Flames    |       |       |       |       |       |    19 ||    19
Invok: Channel Energy    |       |       |     3 |    23 |    54 |    75 ||   155
       Forget Spell      |       |       |       |       |     2 |     3 ||     5
Evoke: Wand              |       |       |     1 |     2 |     9 |     4 ||    16
  Use: Scroll            |       |     5 |     9 |    19 |    13 |     5 ||    51
       Potion            |       |       |       |     5 |     3 |     4 ||    12
 Stab: Sleeping          |     1 |       |     1 |     2 |     1 |       ||     5
       Confused          |       |     1 |     6 |    12 |    10 |       ||    29
       Distracted        |       |       |       |     1 |       |       ||     1
       Paralysed         |       |       |       |       |    17 |       ||    17
  Eat: Chunk             |     2 |     9 |    21 |    44 |    76 |    29 ||   181
       Fruit             |       |     1 |       |     3 |    11 |       ||    15
       Royal jelly       |       |       |       |       |     1 |       ||     1
       Pizza             |       |       |       |       |     2 |     3 ||     5
       Beef jerky        |       |       |       |       |       |     7 ||     7
       Bread ration      |       |       |       |       |       |     1 ||     1
